 Dungeon Crawl Stone Soup version 0.28-a0-178-ga708605c5b (webtiles) character file.

Game seed: 101600531583474524

1952 theanonym the Thaumaturge (level 8, -1/52 HPs)
             Began as a Mummy Hedge Wizard on Aug 18, 2021.
             Was an Initiate of Vehumet.
             Shot with an arrow by a centaur (4 damage)
             ... on level 6 of the Dungeon.
             The game lasted 00:18:45 (10472 turns).

theanonym the Thaumaturge (Mummy Hedge Wizard)     Turns: 10472, Time: 00:18:46

Health: -1/52      AC:  9    Str: 13    XL:     8   Next: 99%
Magic:  3/21       EV: 11    Int: 15    God:    Vehumet [......]
Gold:   222        SH:  4    Dex: 12    Spells: 19/25 levels left

rFire   x . .      SeeInvis .   b - +12 spear of Spite {vorpal, rCorr}
rCold   + . .      Faith    .   k - +0 buckler
rNeg    + + +      Spirit   .   i - +0 leather armour
rPois   ∞          Reflect  .   c - +0 hat
rElec   .          Harm     .   (no cloak)
rCorr   +          Rampage  .   l - +2 pair of gloves
Will    +....                   d - +2 pair of boots
Stlth   +.........              (no amulet)
HPRegen 0.17/turn               (no ring)
MPRegen 0.17/turn               (no ring)

@: no status effects
A: cold resistance 1, negative energy resistance 3, torment resistance 2, heat
vulnerability 1, no potions
a: Renounce Religion


Innate Abilities, Weirdness & Mutations

You are immune to poison.
Your flesh is cold resistant. (rC+)
You are immune to negative energy. (rN+++)
You are immune to unholy pain and torment.
You are vulnerable to heat. (rF-)
You do not drink.


   Skills:
 + Level 2.8 Armour
 - Level 1.5 Dodging
 - Level 1.5 Stealth
 * Level 2.1 Shields
 + Level 9.3 Spellcasting
 + Level 5.8 Conjurations
 - Level 0.7 Summonings
 - Level 0.7 Translocations
 - Level 3.0 Poison Magic


You had 19 spell levels left.
You knew the following spells:

 Your Spells              Type           Power      Damage    Failure   Level
a - Magic Dart            Conj           96%        1d7       1%          1
d - Mephitic Cloud        Conj/Pois/Air  15%        N/A       16%         3
l - Blink                 Tloc           N/A        N/A       19%         2

Your spell library contained the following spells:

 Spells                   Type           Power      Damage    Failure   Level
 Conjure Flame            Conj/Fire      15%        6-21      16%         3
 Call Imp                 Summ           9%         N/A       19%         2
 Slow                     Hex            6%         N/A       26%         2

Skill      XL: |  1  2  3  4  5  6  7  8 |
---------------+-------------------------+-----
Conjurations   | 1 3 4 5 |  5.8
Spellcasting   | 6 7 8 9 |  9.3
Poison Magic   | 2 3 |  3.0
Armour         | 2 |  2.8
Shields        | 2 |  2.1
Dodging        | |  1.5
Stealth        | |  1.5
Summonings     | |  0.7
Translocations | |  0.7

Action                   |  1- 3 |  4- 6 |  7- 9 || total
-------------------------+-------+-------+-------++-------
Melee: Dagger            |    32 |    34 |    35 ||   101
       Rapier            |       |    25 |     2 ||    27
       Spear             |       |       |    28 ||    28
 Cast: Magic Dart        |    68 |   202 |   199 ||   469
       Mephitic Cloud    |     1 |     6 |    22 ||    29
Evoke: Wand              |       |       |     1 ||     1
  Use: Scroll            |       |     6 |     6 ||    12
 Stab: Confused          |     2 |     2 |     3 ||     7
       Sleeping          |       |     1 |     1 ||     2
Armor: Robe              |    13 |     7 |       ||    20
       Leather armour    |       |    23 |    55 ||    78
Dodge: Dodged            |    33 |    82 |   107 ||   222
Block: Buckler           |       |       |     2 ||     2

Inventory:

Hand Weapons
 a - a +1 dagger of venom
 b - the +12 spear of Spite (weapon) {vorpal, rCorr}

   It inflicts extra damage upon your enemies.
   rCorr:     It protects you from acid and corrosion.
Armour
 c - a +0 hat (worn)
 d - a +2 pair of boots (worn)
 i - a +0 leather armour (worn)
 k - a +0 buckler (worn)
 l - a +2 pair of gloves (worn)
Magical Staves
 e - a staff of poison
Wands
 v - a wand of acid (8)
 w - a wand of flame (12)
Scrolls
 f - a scroll of enchant weapon
 g - 3 scrolls of fear
 h - 3 scrolls of noise
 j - 3 scrolls of immolation
 t - 3 scrolls of teleportation


You were on level 6 of the Dungeon.
You worshipped Vehumet.
Vehumet was noncommittal.
You visited 2 branches of the dungeon, and saw 7 of its levels.
You also visited: Ossuary.

You collected 222 gold pieces.

Dungeon Overview and Level Annotations

Branches:
Dungeon (6/15)             Temple (1/1) D:6         Ossuary (visited)

Altars:
Ashenzari
Cheibriados
Dithmenos
Elyvilon
Gozag
Hepliaklqana
Kikubaaqudgha
Makhleb
Nemelex Xobeh
Okawaru
Qazlal
Sif Muna
Trog
Uskayaw
Vehumet
Wu Jian
Yredelemnul
Zin
The Shining One

Annotations:
D:6 Pikel

....#......#.....#.##......##..'.
.........#.#.##......Kc....##..#.
.........#....!.##.#..#.....5..#.
.<.........##.>....#..#..###...#.
........##......##......## #.####
######.....#.##....##...###..## #
#..##.#....##.............
#........#.....#.......###
#..##.##.#.@##.#.#...#....
#................#.....##.
#......<...............# #
#.....!........###..#...# #
######.#.#......# #..##..#. #
#........#......# #........##
#.......######..###.........#
#.....#...# ##..............
#.....#.#.# #.#.......#.#..


You could see Pikel (confused) and a centaur.

Notes
Turn   | Place    | Note
-------+----------+-------------------------------------------
     0 | D:1      | theanonym the Mummy Hedge Wizard began the quest for the
                  | Orb.
     0 | D:1      | Reached XP level 1. HP: 13/13 MP: 5/5
   182 | D:1      | Reached skill level 1 in Conjurations
   524 | D:1      | Reached XP level 2. HP: 19/19 MP: 1/7
   580 | D:1      | theanonym: !greatestplayer
   634 | D:1      | Learned a level 2 spell: Blink
  1256 | D:2      | Reached XP level 3. HP: 24/24 MP: 1/9
  1327 | D:2      | Learned a level 3 spell: Mephitic Cloud
  1390 | D:2      | Reached skill level 2 in Conjurations
  1474 | D:2      | Noticed Sigmund
  1507 | D:2      | Killed Sigmund
  1508 | D:2      | Reached skill level 6 in Spellcasting
  1508 | D:2      | Reached skill level 3 in Conjurations
  1508 | D:2      | Reached XP level 4. HP: 29/30 MP: 0/12
  1508 | D:2      | Reached XP level 5. HP: 34/35 MP: 0/13
  1709 | D:2      | theanonym: !greatestplayer
  2105 | D:1      | HP: 13/35 [orc (5)]
  2133 | D:1      | HP: 8/35 [orc (6)]
  2687 | D:2      | Reached XP level 6. HP: 31/41 MP: 1/15
  2703 | D:2      | Reached skill level 1 in Poison Magic
  3421 | D:3      | Found a stormy altar of Qazlal.
  3449 | D:3      | Found a hazy altar of Hepliaklqana.
  3684 | D:3      | Found a shimmering blue altar of Sif Muna.
  3770 | D:3      | Found a snail-covered altar of Cheibriados.
  4430 | D:4      | Found a sand-covered staircase.
  4495 | Ossuary  | Entered an ossuary
  4911 | Ossuary  | Reached skill level 7 in Spellcasting
  5176 | Ossuary  | Reached skill level 2 in Poison Magic
  5176 | Ossuary  | Reached XP level 7. HP: 31/46 MP: 6/17
  5180 | Ossuary  | HP: 20/46 [mummy (9)]
  5183 | Ossuary  | Reached skill level 4 in Conjurations
  5817 | D:4      | Noticed Edmund
  5831 | D:4      | Killed Edmund
  6206 | D:4      | HP: 23/46 [phantom (6)]
  6546 | D:4      | HP: 20/46 [ogre (13)]
  6548 | D:4      | Reached skill level 3 in Poison Magic
  6832 | D:4      | Found a broken altar of Ashenzari.
  6858 | D:4      | HP: 23/46 [ice beast (2)]
  6864 | D:4      | Reached skill level 8 in Spellcasting
  6864 | D:4      | Reached XP level 8. HP: 26/52 MP: 12/20
  7346 | D:4      | Found an iron altar of Okawaru.
  7712 | D:5      | Entered Level 5 of the Dungeon
  7768 | D:4      | Reached skill level 5 in Conjurations
  8300 | D:5      | HP: 20/52 [wyvern (12)]
  8305 | D:5      | Reached skill level 1 in Armour
  8792 | D:5      | Identified the +12 spear of Spite {vorpal, rCorr}
  9621 | D:6      | Found a staircase to the Ecumenical Temple.
  9630 | Temple   | Entered the Ecumenical Temple
  9717 | Temple   | Became a worshipper of Vehumet
  9733 | D:6      | Noticed Pikel
  9991 | D:6      | Reached skill level 2 in Armour
 10013 | D:6      | Reached skill level 9 in Spellcasting
 10013 | D:6      | Noticed Grinder
 10088 | D:6      | Killed Grinder
 10089 | D:6      | Reached skill level 1 in Shields
 10159 | D:6      | HP: 23/52 [centaur/arrow (4)]
 10164 | D:6      | HP: 16/52 [iguana (8)]
 10184 | D:6      | HP: 19/52 [Pikel (1)]
 10420 | D:6      | Reached skill level 2 in Shields
 10436 | D:6      | HP: 21/52 [centaur/arrow (12)]
 10448 | D:6      | HP: 14/52 [Pikel (4)]
 10468 | D:6      | HP: 2/52 [centaur/arrow (8)]
 10472 | D:6      | Shot with an arrow by a centaur

Vanquished Creatures
  Grinder (D:6)
  Sigmund (D:2)
  A wyvern (D:5)
  Edmund (D:4)
  2 sky beasts (D:6)
  2 ice beasts
  An ogre (D:4)
  A lemure (D:5)
  A phantom (D:4)
  A water moccasin skeleton (D:6)
  A howler monkey (D:6)
  3 centaur zombies (Ossuary)
  3 hounds (D:5)
  2 human zombies (Ossuary)
  3 orc priests
  A bullfrog skeleton (D:6)
  An iguana (D:5)
  2 orc wizards
  5 mummies (Ossuary)
  4 gnolls (D:4)
  A howler monkey skeleton (D:6)
  11 adders
  2 worms (D:2)
  A dart slug (D:3)
  11 orcs
  5 bats
  4 endoplasms
  4 giant cockroaches
  8 hobgoblins
  7 jackals
  5 quokkas
  5 ball pythons
  3 frilled lizards
  A gnoll zombie (Ossuary)
  6 goblins
  A goblin zombie (Ossuary)
  5 kobolds
  A kobold zombie (Ossuary)
  3 rats
121 creatures vanquished.

Table legend: (Time is in decaauts)
 A = Elapsed time spent in this place.
 B = Non-inter-level travel time spent in this place.
 C = Inter-level travel time spent in this place.
 D = Time resting spent in this place.
 E = Time spent auto-exploring this place.
 F = Levels seen in this place.
 G = Mean time per level.
                   A        B        C        D        E       F      G
               +--------+--------+--------+--------+--------+-----+--------+
         Total |  10486 |   9875 |    611 |   4299 |   4276 |   8 | 1310.8 |
       Dungeon |   9122 |   8534 |    588 |   3415 |   4077 |   6 | 1520.3 |
        Temple |     96 |     73 |     23 |      0 |     72 |   1 |   96.0 |
       Ossuary |   1267 |   1267 |      0 |    884 |    127 |   1 | 1267.0 |
               +--------+--------+--------+--------+--------+-----+--------+

Top non-repeatable levels by time:
     D:4: 2179 daAuts
     D:5: 1955 daAuts
     D:2: 1818 daAuts
     D:1: 1453 daAuts
 Ossuary: 1267 daAuts
     D:3: 1118 daAuts
     D:6: 596 daAuts
  Temple: 96 daAuts
